Oilers vs MapleLeafs

Created - January-11-15 at 10:32

Goals
1 2 3 T
Oilers 2 2 1 5
MapleLeafs 0 1 2 3
Shots
1 2 3 T
Oilers 11 16 9 36
MapleLeafs 14 5 15 34

1st period

1. Oilers , Marc Methot 6 (Brian Campbell) at 4:38 (PP)
2. Oilers , Dennis Wideman 10 (Shane Doan, Mats Zuccarello) at 14:42 (PP)

Penalties :
Evander Kane (TOR) for Slashing (Minor) at 4:24, Jamie Oleksiak (TOR) for Diving (Minor) at 9:10, Aaron Ness (TOR) for Roughing (Minor) at 13:07, Aaron Ness (TOR) for Interference (Minor) at 15:26, Dainius Zubrus (EDM) for Tripping (Minor) at 18:23

2nd period

3. Oilers , Dainius Zubrus 16 (Mikkel Boedker, Brad Richards) at 0:38
4. Oilers , Drew Miller 5 (Kevin Bieksa, Aleksander Barkov) at 3:36
5. MapleLeafs , Patrick Marleau 20 (Jay Bouwmeester) at 6:46

Penalties :
Aaron Ness (TOR) for Roughing (Minor) at 4:30, Shane Doan (EDM) for Holding (Minor) at 8:10, Jamie Oleksiak (TOR) for Boarding (Minor) at 11:18, Aaron Ness (TOR) for Interference (Minor) at 16:47

3rd period

6. Oilers , Jake Muzzin 7 (Nikolai Kulemin, Kevin Bieksa) at 4:35
7. MapleLeafs , Milan Lucic 9 (Evander Kane, Michael Del Zotto) at 10:54 (PP)
8. MapleLeafs , Antoine Vermette 11 (Jamie Oleksiak, Patrick Marleau) at 15:34 (PP)

Penalties :
Jake Muzzin (EDM) for Cross-checking (Minor) at 6:23, Dennis Wideman (EDM) for Hooking (Minor) at 9:54, Olli Maatta (EDM) for Roughing (Minor) at 15:30

Goalie Stats

Kari Lehtonen (EDM), 31 saves from 34 shots - (0.912), W, 17-15-2, 60:00 minutes
Petr Mrazek (TOR), 11 saves from 15 shots - (0.733), L, 6-10-1, 23:36 minutes
Ryan Miller (TOR), 20 saves from 21 shots - (0.952), 36:24 minutes

Players Stats for Oilers

Player Name              G  A  P  +/- PIM S  H  SB GA TA FO     MP     PP MP  PK MP  
------------------------------------------------------------------------------------
Aleksander Barkov        0  1  1   1  0   0  0  0  0  0  4/14   12:18   0:00   0:00 
Brad Richards            0  1  1   1  0   5  0  0  0  0  13/29  19:59   5:34   0:55 
Brian Campbell           0  1  1   0  0   2  0  2  0  0  0/0    25:05   5:23   3:20 
Chad Ruhwedel            0  0  0   0  0   0  0  0  0  0  0/0     2:39   0:00   0:00 
Dainius Zubrus           1  0  1   1  2   1  3  0  0  0  3/8    21:35   5:34   2:32 
Dennis Wideman           1  0  1   0  2   4  3  1  0  0  0/0    17:35   6:21   0:00 
Drew Miller              1  0  1   1  0   4  3  0  0  0  1/2    15:45   0:00   3:27 
Emerson Etem             0  0  0   0  0   0  1  0  0  0  0/0     1:38   0:00   0:00 
Jake Muzzin              1  0  1   2  2   1  0  2  0  0  0/0    13:37   0:00   0:00 
Kevin Bieksa             0  2  2   2  0   0  2  3  0  0  0/0    16:58   0:00   3:20 
Marc Methot              1  0  1   0  0   2  6  7  0  0  0/0    22:47   5:23   3:41 
Mats Zuccarello          0  1  1   0  0   3  2  0  0  0  1/2    19:59   6:10   0:00 
Mikkel Boedker           0  1  1   1  0   5  1  0  0  0  0/1    19:04   5:34   0:00 
Nikita Kucherov          0  0  0   0  0   0  0  0  0  0  0/0     1:38   0:00   0:00 
Nikolai Kulemin          0  1  1   1  0   4  0  1  0  0  0/2    15:52   0:00   3:34 
Olli Maatta              0  0  0   0  2   1  0  1  0  0  0/0    21:16   6:21   3:41 
Shane Doan               0  1  1   0  2   1  2  0  0  0  2/2    19:58   6:10   0:00 
Tyler Bozak              0  0  0   0  0   3  0  0  0  0  22/37  25:11   6:10   3:34 

Players Stats for MapleLeafs

Player Name              G  A  P  +/- PIM S  H  SB GA TA FO     MP     PP MP  PK MP  
------------------------------------------------------------------------------------
Aaron Ness               0  0  0   0  8   1  2  1  0  0  0/0     9:58   0:00   0:00 
Andrew Alberts           0  0  0   0  0   1  1  1  0  0  0/0    14:27   0:00   4:30 
Antoine Roussel          0  0  0  -1  0   0  3  0  0  0  2/2    13:56   0:00   0:42 
Antoine Vermette         1  0  1  -1  0   3  2  1  0  0  9/19   22:49   4:51   4:44 
Brock Nelson             0  0  0   0  0   1  0  0  0  0  1/1     4:02   0:00   0:00 
Evander Kane             0  1  1  -1  2   6  3  0  0  0  1/1    22:09   2:10   6:46 
Gregory Campbell         0  0  0   0  0   1  0  0  0  0  4/10    8:46   0:00   4:44 
Jamie Oleksiak           0  1  1  -1  4   2  3  2  0  0  0/0    18:40   2:14   1:06 
Jay Beagle               0  0  0   0  0   0  0  0  0  0  0/0     8:56   0:00   0:00 
Jay Bouwmeester          0  1  1  -1  0   2  2  4  0  0  0/0    27:03   4:47   6:20 
Kris Versteeg            0  0  0   0  0   0  0  0  0  0  0/0     8:56   0:00   0:00 
Martin Hanzal            0  0  0   0  0   1  1  1  0  0  19/34  18:06   2:10   7:00 
Michael Del Zotto        0  1  1  -1  0   1  1  0  0  0  0/0    22:13   2:14   4:42 
Milan Lucic              1  0  1  -1  0   5  0  0  0  0  0/0    17:13   2:10   0:00 
Nick Leddy               0  0  0  -1  0   3  0  3  0  0  0/0    26:51   4:47   6:08 
Patrick Marleau          1  1  2  -1  0   4  0  0  0  0  13/28  24:10   4:51   0:14 
Riley Nash               0  0  0   0  0   0  0  0  0  0  0/0     0:00   0:00   0:00 
Vladimir Tarasenko       0  0  0  -1  0   3  0  0  0  0  2/2    19:54   4:51   0:00 

3 Stars

1 - Marc Methot (EDM)
2 - Kevin Bieksa (EDM)
3 - Drew Miller (EDM)

Power Play

Oilers - 2 on 7 Attempt(s) - 28.57%
MapleLeafs - 2 on 5 Attempt(s) - 40.00%

Penalty Kill

Oilers - 3 on 5 Attempt(s) - 60.00% - Score 0 goal in Penalty Kill
MapleLeafs - 5 on 7 Attempt(s) - 71.43% - Score 0 goal in Penalty Kill

Team Stat

Oilers - Hits : 23 - Faceoff Wins : 46 - Blocked Shots : 17 - Penalty Minutes : 10
MapleLeafs - Hits : 18 - Faceoff Wins : 51 - Blocked Shots : 13 - Penalty Minutes : 14

Official

Referees : Paul Devorski and Ghislain Hebert
Linesman : Lonnie Cameron and Brian Mach

Game Notes

Ryan Miller enters game at 3:36 of 2nd period

Finance

Level 1 -- Attendance: 4602 (70.80%) -- Ticket Income $506,220
Level 2 -- Attendance: 3589 (71.78%) -- Ticket Income $287,120
Level 3 -- Attendance: 1929 (55.11%) -- Ticket Income $144,675
Level 4 -- Attendance: 1456 (51.65%) -- Ticket Income $94,640
Luxury Box -- Attendance: 708 (70.80%) -- Ticket Income $159,300
Game was played at the Air Canada Center'
Total Attendance: 12284 (65.27%)
Total Ticket Income: $1,191,955
Other Income: $178,793
Total Income: $1,370,748

% Time on Ice - Oilers

Lines # - Real PCT - Wanted PCT - Time Play
Normal Forward
1 - 33% - 33% - 13:49
2 - 33% - 33% - 13:30
3 - 30% - 26% - 12:18
4 - 4% - 8% - 1:38
Normal Defense
1 - 33% - 35% - 13:43
2 - 33% - 30% - 13:38
3 - 27% - 25% - 11:15
4 - 6% - 10% - 2:39
PP Forward
1 - 53% - 50% - 6:10
2 - 47% - 50% - 5:34
PP Defense
1 - 46% - 50% - 5:23
2 - 54% - 50% - 6:21
PK Forward
1 - 49% - 50% - 3:27
2 - 51% - 50% - 3:34
PK Defense
1 - 48% - 50% - 3:20
2 - 52% - 50% - 3:41
PK3 Forward
1 - 0% - 60%
2 - 0% - 40%
PK3 Defense
1 - 0% - 60%
2 - 0% - 40%
44 Forward
1 - 0% - 60%
2 - 0% - 40%
44 Defense
1 - 0% - 50%
2 - 0% - 50%
Last Minute Offensive  - 0:00
Last Minute Defensive  - 0:00
Total
Forward - 60:00
Defense - 60:00

% Time on Ice - MapleLeafs

Lines # - Real PCT - Wanted PCT - Time Play
Normal Forward
1 - 36% - 34% - 15:03
2 - 32% - 32% - 13:14
3 - 22% - 20% - 8:56
4 - 10% - 14% - 4:02
Normal Defense
1 - 38% - 40% - 15:42
2 - 37% - 34% - 15:22
3 - 24% - 18% - 9:57
4 - 1% - 8% - 0:14
PP Forward
1 - 69% - 62% - 4:51
2 - 31% - 38% - 2:10
PP Defense
1 - 68% - 62% - 4:47
2 - 32% - 38% - 2:14
PK Forward
1 - 60% - 55% - 7:00
2 - 40% - 45% - 4:44
PK Defense
1 - 54% - 60% - 6:20
2 - 46% - 40% - 5:24
PK3 Forward
1 - 0% - 50%
2 - 0% - 50%
PK3 Defense
1 - 0% - 60%
2 - 0% - 40%
44 Forward
1 - 0% - 60%
2 - 0% - 40%
44 Defense
1 - 0% - 60%
2 - 0% - 40%
Last Minute Offensive  - 0:00
Last Minute Defensive  - 0:00
Total
Forward - 60:00
Defense - 60:00

Play by Play

1st period


0:01 of 1st period - Tyler Bozak wins face-off versus Patrick Marleau in neutral zone.
0:06 of 1st period - Shot by Shane Doan.
0:06 of 1st period - Shot Misses the Net.
0:11 of 1st period - Vladimir Tarasenko is hit by Mats Zuccarello and loses puck.
0:17 of 1st period - Jay Bouwmeester is hit by Marc Methot and loses puck.
0:23 of 1st period - Patrick Marleau is hit by Marc Methot and loses puck.
0:28 of 1st period - Shot by Milan Lucic.
0:28 of 1st period - Deflect By Vladimir Tarasenko.
0:28 of 1st period - Stopped by Kari Lehtonen with a rebound.
0:33 of 1st period - Icing by Brian Campbell.
0:34 of 1st period - Tyler Bozak wins face-off versus Antoine Vermette in Oilers zone.
0:52 of 1st period - Antoine Roussel is hit by Marc Methot and loses puck.
1:12 of 1st period - Evander Kane is hit by Marc Methot and loses puck.
1:43 of 1st period - Shot by Kris Versteeg.
1:43 of 1st period - Shot Blocked by Marc Methot.
2:05 of 1st period - Shot by Brad Richards.
2:05 of 1st period - Shot Blocked by Aaron Ness.
2:14 of 1st period - Kris Versteeg is hit by Kevin Bieksa and loses puck.
2:28 of 1st period - Icing by Kevin Bieksa.
2:29 of 1st period - Brad Richards wins face-off versus Gregory Campbell in Oilers zone.
2:38 of 1st period - Shot by Patrick Marleau.
2:38 of 1st period - Shot Blocked by Kevin Bieksa.
2:42 of 1st period - Shot by Patrick Marleau.
2:42 of 1st period - Deflect By Brock Nelson.
2:42 of 1st period - Stopped by Kari Lehtonen without a rebound.
2:43 of 1st period - Aleksander Barkov wins face-off versus Patrick Marleau in Oilers zone.
2:53 of 1st period - Shot by Milan Lucic.
2:53 of 1st period - Deflect By Vladimir Tarasenko.
2:53 of 1st period - Stopped by Kari Lehtonen without a rebound.
2:54 of 1st period - Antoine Roussel wins face-off versus Aleksander Barkov in Oilers zone.
2:57 of 1st period - Shot by Evander Kane.
2:57 of 1st period - Stopped by Kari Lehtonen without a rebound.
2:58 of 1st period - Aleksander Barkov wins face-off versus Patrick Marleau in Oilers zone.
3:02 of 1st period - Icing by Dennis Wideman.
3:03 of 1st period - Vladimir Tarasenko wins face-off versus Nikolai Kulemin in Oilers zone.
3:27 of 1st period - Shot by Jay Bouwmeester.
3:27 of 1st period - Stopped by Kari Lehtonen without a rebound.
3:28 of 1st period - Evander Kane wins face-off versus Brad Richards in Oilers zone.
3:34 of 1st period - Mikkel Boedker is hit by Jamie Oleksiak and loses puck.
3:53 of 1st period - Shot by Brad Richards.
3:53 of 1st period - Stopped by Petr Mrazek without a rebound.
3:54 of 1st period - Tyler Bozak wins face-off versus Gregory Campbell in MapleLeafs zone.
4:07 of 1st period - Shot by Gregory Campbell.
4:07 of 1st period - Stopped by Kari Lehtonen without a rebound.
4:08 of 1st period - Antoine Vermette wins face-off versus Aleksander Barkov in Oilers zone.
4:09 of 1st period - Shot by Antoine Roussel.
4:09 of 1st period - Shot Blocked by Dennis Wideman.
4:11 of 1st period - Shot by Antoine Roussel.
4:11 of 1st period - Shot Misses the Net.
4:24 of 1st period - Minor Penalty to Evander Kane for Slashing.
4:25 of 1st period - Mats Zuccarello wins face-off versus Martin Hanzal in MapleLeafs zone.
4:36 of 1st period - Shot by Brian Campbell.
4:36 of 1st period - Shot Misses the Net.
4:38 of 1st period - Shot by Marc Methot.
4:38 of 1st period - Goal by Marc Methot - Oilers : 1 - MapleLeafs : 0.
4:39 of 1st period - Antoine Vermette wins face-off versus Brad Richards in neutral zone.
4:39 of 1st period - Antoine Vermette is hit by Dainius Zubrus.
4:51 of 1st period - Shot by Antoine Vermette.
4:51 of 1st period - Shot Misses the Net.
4:53 of 1st period - Shot by Evander Kane.
4:53 of 1st period - Shot Misses the Net.
4:55 of 1st period - Shot by Evander Kane.
4:55 of 1st period - Shot Blocked by Jake Muzzin.
4:57 of 1st period - Shot by Evander Kane.
4:57 of 1st period - Stopped by Kari Lehtonen without a rebound.
4:58 of 1st period - Patrick Marleau wins face-off versus Aleksander Barkov in Oilers zone.
5:01 of 1st period - Shot by Milan Lucic.
5:01 of 1st period - Shot Misses the Net.
5:11 of 1st period - Shot by Milan Lucic.
5:11 of 1st period - Stopped by Kari Lehtonen without a rebound.
5:12 of 1st period - Tyler Bozak wins face-off versus Martin Hanzal in Oilers zone.
6:08 of 1st period - Nick Leddy is hit by Emerson Etem and loses puck.
6:38 of 1st period - Icing by Marc Methot.
6:39 of 1st period - Brad Richards wins face-off versus Antoine Vermette in Oilers zone.
6:39 of 1st period - Brad Richards is hit by Evander Kane.
6:42 of 1st period - Mikkel Boedker is hit by Antoine Roussel and loses puck.
7:21 of 1st period - Antoine Roussel is hit by Mikkel Boedker and loses puck.
7:50 of 1st period - Jay Bouwmeester is hit by Drew Miller and loses puck.
8:44 of 1st period - Off-side.
8:45 of 1st period - Martin Hanzal wins face-off versus Brad Richards in neutral zone.
8:47 of 1st period - Off-side.
8:48 of 1st period - Martin Hanzal wins face-off versus Brad Richards in neutral zone.
9:10 of 1st period - Minor Penalty to Jamie Oleksiak for Diving.
9:11 of 1st period - Martin Hanzal wins face-off versus Tyler Bozak in MapleLeafs zone.
9:11 of 1st period - Martin Hanzal is hit by Shane Doan.
9:20 of 1st period - Icing by Marc Methot.
9:21 of 1st period - Tyler Bozak wins face-off versus Martin Hanzal in Oilers zone.
9:44 of 1st period - Shot by Brian Campbell.
9:44 of 1st period - Shot Blocked by Jay Bouwmeester.
10:31 of 1st period - Shot by Olli Maatta.
10:31 of 1st period - Stopped by Petr Mrazek without a rebound.
10:32 of 1st period - Gregory Campbell wins face-off versus Dainius Zubrus in MapleLeafs zone.
10:59 of 1st period - Icing by Dainius Zubrus.
11:00 of 1st period - Gregory Campbell wins face-off versus Mikkel Boedker in Oilers zone.
11:10 of 1st period - Mikkel Boedker is hit by Michael Del Zotto and loses puck.
13:07 of 1st period - Minor Penalty to Aaron Ness for Roughing.
13:08 of 1st period - Martin Hanzal wins face-off versus Brad Richards in MapleLeafs zone.
13:08 of 1st period - Martin Hanzal is hit by Dainius Zubrus.
13:27 of 1st period - Icing by Dennis Wideman.
13:28 of 1st period - Martin Hanzal wins face-off versus Brad Richards in Oilers zone.
13:30 of 1st period - Evander Kane is hit by Dennis Wideman and loses puck.
13:59 of 1st period - Shot by Brad Richards.
13:59 of 1st period - Stopped by Petr Mrazek without a rebound.
14:00 of 1st period - Tyler Bozak wins face-off versus Gregory Campbell in MapleLeafs zone.
14:19 of 1st period - Shot by Brian Campbell.
14:19 of 1st period - Stopped by Petr Mrazek without a rebound.
14:20 of 1st period - Martin Hanzal wins face-off versus Tyler Bozak in MapleLeafs zone.
14:42 of 1st period - Shot by Dennis Wideman.
14:42 of 1st period - Goal by Dennis Wideman - Oilers : 2 - MapleLeafs : 0.
14:43 of 1st period - Brad Richards wins face-off versus Patrick Marleau in neutral zone.
14:58 of 1st period - Shot by Jake Muzzin.
14:58 of 1st period - Shot Misses the Net.
15:09 of 1st period - Icing by Jake Muzzin.
15:10 of 1st period - Martin Hanzal wins face-off versus Brad Richards in Oilers zone.
15:26 of 1st period - Minor Penalty to Aaron Ness for Interference.
15:27 of 1st period - Shane Doan wins face-off versus Martin Hanzal in MapleLeafs zone.
15:30 of 1st period - Shot by Mats Zuccarello.
15:30 of 1st period - Stopped by Petr Mrazek without a rebound.
15:31 of 1st period - Tyler Bozak wins face-off versus Martin Hanzal in MapleLeafs zone.
15:32 of 1st period - Shot by Shane Doan.
15:32 of 1st period - Shot Misses the Net.
15:42 of 1st period - Shot by Brian Campbell.
15:42 of 1st period - Shot Misses the Net.
15:58 of 1st period - Shot by Shane Doan.
15:58 of 1st period - Deflect By Tyler Bozak.
15:58 of 1st period - Shot Misses the Net.
16:40 of 1st period - Andrew Alberts is hit by Dainius Zubrus and loses puck.
17:01 of 1st period - Shot by Dennis Wideman.
17:01 of 1st period - Stopped by Petr Mrazek without a rebound.
17:02 of 1st period - Martin Hanzal wins face-off versus Brad Richards in MapleLeafs zone.
17:31 of 1st period - Shot by Jamie Oleksiak.
17:31 of 1st period - Shot Misses the Net.
17:33 of 1st period - Shot by Patrick Marleau.
17:33 of 1st period - Stopped by Kari Lehtonen without a rebound.
17:34 of 1st period - Patrick Marleau wins face-off versus Aleksander Barkov in Oilers zone.
17:39 of 1st period - Shot by Milan Lucic.
17:39 of 1st period - Shot Misses the Net.
18:00 of 1st period - Shot by Nikolai Kulemin.
18:00 of 1st period - Stopped by Petr Mrazek with a rebound.
18:02 of 1st period - Shot by Nikolai Kulemin.
18:02 of 1st period - Stopped by Petr Mrazek without a rebound.
18:03 of 1st period - Tyler Bozak wins face-off versus Antoine Vermette in MapleLeafs zone.
18:18 of 1st period - Shot by Shane Doan.
18:18 of 1st period - Stopped by Petr Mrazek without a rebound.
18:19 of 1st period - Brad Richards wins face-off versus Gregory Campbell in MapleLeafs zone.
18:20 of 1st period - Shot by Olli Maatta.
18:20 of 1st period - Shot Misses the Net.
18:23 of 1st period - Minor Penalty to Dainius Zubrus for Tripping.
18:24 of 1st period - Brad Richards wins face-off versus Patrick Marleau in Oilers zone.
18:48 of 1st period - Drew Miller is hit by Antoine Vermette and loses puck.
18:57 of 1st period - Shot by Jay Bouwmeester.
18:57 of 1st period - Stopped by Kari Lehtonen without a rebound.
18:58 of 1st period - Martin Hanzal wins face-off versus Tyler Bozak in Oilers zone.
19:01 of 1st period - Shot by Evander Kane.
19:01 of 1st period - Stopped by Kari Lehtonen without a rebound.
19:02 of 1st period - Martin Hanzal wins face-off versus Tyler Bozak in Oilers zone.
19:03 of 1st period - Shot by Milan Lucic.
19:03 of 1st period - Shot Misses the Net.
19:05 of 1st period - Shot by Milan Lucic.
19:05 of 1st period - Stopped by Kari Lehtonen without a rebound.
19:06 of 1st period - Tyler Bozak wins face-off versus Patrick Marleau in Oilers zone.
19:19 of 1st period - Shot by Patrick Marleau.
19:19 of 1st period - Deflect By Vladimir Tarasenko.
19:19 of 1st period - Stopped by Kari Lehtonen without a rebound.
19:20 of 1st period - Martin Hanzal wins face-off versus Tyler Bozak in Oilers zone.
19:20 of 1st period - Jamie Oleksiak is hit by Marc Methot.
19:22 of 1st period - Shot by Evander Kane.
19:22 of 1st period - Shot Misses the Net.
19:24 of 1st period - Shot by Milan Lucic.
19:24 of 1st period - Stopped by Kari Lehtonen without a rebound.
19:25 of 1st period - Tyler Bozak wins face-off versus Patrick Marleau in Oilers zone.
19:44 of 1st period - Shot by Antoine Vermette.
19:44 of 1st period - Shot Blocked by Marc Methot.
19:58 of 1st period - Shot by Vladimir Tarasenko.
19:58 of 1st period - Shot Blocked by Nikolai Kulemin.
Goals for this period are 2 for Oilers vs 0 for MapleLeafs.
Shots for this period are 11 for Oilers vs 14 for MapleLeafs.

2nd period


0:01 of 2nd period - Patrick Marleau wins face-off versus Brad Richards in neutral zone.
0:13 of 2nd period - Off-side.
0:14 of 2nd period - Martin Hanzal wins face-off versus Tyler Bozak in neutral zone.
0:19 of 2nd period - Shot by Martin Hanzal.
0:19 of 2nd period - Shot Misses the Net.
0:21 of 2nd period - Shot by Jamie Oleksiak.
0:21 of 2nd period - Shot Blocked by Olli Maatta.
0:23 of 2nd period - Shot by Michael Del Zotto.
0:23 of 2nd period - Shot Misses the Net.
0:38 of 2nd period - Shot by Dainius Zubrus.
0:38 of 2nd period - Goal by Dainius Zubrus - Oilers : 3 - MapleLeafs : 0.
0:39 of 2nd period - Antoine Vermette wins face-off versus Mats Zuccarello in neutral zone.
0:44 of 2nd period - Shot by Evander Kane.
0:44 of 2nd period - Stopped by Kari Lehtonen with a rebound.
1:12 of 2nd period - Shot by Shane Doan.
1:12 of 2nd period - Deflect By Mats Zuccarello.
1:12 of 2nd period - Stopped by Petr Mrazek without a rebound.
1:13 of 2nd period - Patrick Marleau wins face-off versus Brad Richards in MapleLeafs zone.
1:24 of 2nd period - Shot by Mikkel Boedker.
1:24 of 2nd period - Shot Misses the Net.
1:26 of 2nd period - Shot by Dennis Wideman.
1:26 of 2nd period - Stopped by Petr Mrazek with a rebound.
1:42 of 2nd period - Shot by Dennis Wideman.
1:42 of 2nd period - Shot Blocked by Nick Leddy.
1:57 of 2nd period - Dainius Zubrus is hit by Jay Bouwmeester and loses puck.
2:05 of 2nd period - Icing by Nick Leddy.
2:06 of 2nd period - Patrick Marleau wins face-off versus Tyler Bozak in MapleLeafs zone.
2:30 of 2nd period - Shot by Mats Zuccarello.
2:30 of 2nd period - Shot Blocked by Jay Bouwmeester.
2:32 of 2nd period - Shot by Brian Campbell.
2:32 of 2nd period - Shot Misses the Net.
3:16 of 2nd period - Shot by Aleksander Barkov.
3:16 of 2nd period - Shot Misses the Net.
3:18 of 2nd period - Shot by Jake Muzzin.
3:18 of 2nd period - Shot Misses the Net.
3:36 of 2nd period - Shot by Drew Miller.
3:36 of 2nd period - Goal by Drew Miller - Oilers : 4 - MapleLeafs : 0.
3:36 of 2nd period - Ryan Miller enters game.
3:37 of 2nd period - Antoine Vermette wins face-off versus Brad Richards in neutral zone.
4:08 of 2nd period - Shot by Mikkel Boedker.
4:08 of 2nd period - Stopped by Ryan Miller without a rebound.
4:09 of 2nd period - Martin Hanzal wins face-off versus Tyler Bozak in MapleLeafs zone.
4:29 of 2nd period - Tyler Bozak is hit by Aaron Ness.
4:30 of 2nd period - Minor Penalty to Aaron Ness for Roughing.
4:31 of 2nd period - Brad Richards wins face-off versus Martin Hanzal in MapleLeafs zone.
5:40 of 2nd period - Shot by Mats Zuccarello.
5:40 of 2nd period - Shot Blocked by Jamie Oleksiak.
6:46 of 2nd period - Shot by Patrick Marleau.
6:46 of 2nd period - Goal by Patrick Marleau - Oilers : 4 - MapleLeafs : 1.
6:47 of 2nd period - Patrick Marleau wins face-off versus Aleksander Barkov in neutral zone.
7:15 of 2nd period - Shot by Milan Lucic.
7:15 of 2nd period - Shot Blocked by Kevin Bieksa.
7:17 of 2nd period - Shot by Andrew Alberts.
7:17 of 2nd period - Stopped by Kari Lehtonen without a rebound.
7:18 of 2nd period - Antoine Vermette wins face-off versus Brad Richards in Oilers zone.
7:33 of 2nd period - Shot by Mikkel Boedker.
7:33 of 2nd period - Stopped by Ryan Miller with a rebound.
7:49 of 2nd period - Shot by Mikkel Boedker.
7:49 of 2nd period - Stopped by Ryan Miller without a rebound.
7:50 of 2nd period - Martin Hanzal wins face-off versus Tyler Bozak in MapleLeafs zone.
7:50 of 2nd period - Martin Hanzal is hit by Mats Zuccarello.
8:10 of 2nd period - Minor Penalty to Shane Doan for Holding.
8:11 of 2nd period - Patrick Marleau wins face-off versus Dainius Zubrus in Oilers zone.
8:12 of 2nd period - Shot by Vladimir Tarasenko.
8:12 of 2nd period - Deflect By Patrick Marleau.
8:12 of 2nd period - Shot Misses the Net.
8:55 of 2nd period - Shot by Tyler Bozak.
8:55 of 2nd period - Shot Blocked by Nick Leddy.
8:57 of 2nd period - Shot by Marc Methot.
8:57 of 2nd period - Shot Blocked by Jay Bouwmeester.
8:59 of 2nd period - Shot by Nikolai Kulemin.
8:59 of 2nd period - Stopped by Ryan Miller with a rebound.
9:01 of 2nd period - Shot by Nikolai Kulemin.
9:01 of 2nd period - Shot Misses the Net.
9:05 of 2nd period - Shot by Tyler Bozak.
9:05 of 2nd period - Stopped by Ryan Miller without a rebound.
9:06 of 2nd period - Martin Hanzal wins face-off versus Tyler Bozak in MapleLeafs zone.
9:30 of 2nd period - Shot by Milan Lucic.
9:30 of 2nd period - Shot Misses the Net.
9:44 of 2nd period - Shot by Evander Kane.
9:44 of 2nd period - Shot Misses the Net.
9:46 of 2nd period - Shot by Milan Lucic.
9:46 of 2nd period - Stopped by Kari Lehtonen without a rebound.
9:47 of 2nd period - Tyler Bozak wins face-off versus Patrick Marleau in Oilers zone.
9:57 of 2nd period - Icing by Jay Bouwmeester.
9:58 of 2nd period - Tyler Bozak wins face-off versus Antoine Vermette in MapleLeafs zone.
10:21 of 2nd period - Tyler Bozak is hit by Andrew Alberts.
10:29 of 2nd period - Shot by Shane Doan.
10:29 of 2nd period - Shot Misses the Net.
10:46 of 2nd period - Icing by Aaron Ness.
10:47 of 2nd period - Brad Richards wins face-off versus Martin Hanzal in MapleLeafs zone.
10:48 of 2nd period - Shot by Mikkel Boedker.
10:48 of 2nd period - Deflect By Brad Richards.
10:48 of 2nd period - Stopped by Ryan Miller without a rebound.
10:49 of 2nd period - Antoine Vermette wins face-off versus Brad Richards in MapleLeafs zone.
11:17 of 2nd period - Brian Campbell is hit by Jamie Oleksiak and loses puck.
11:18 of 2nd period - Minor Penalty to Jamie Oleksiak for Boarding.
11:19 of 2nd period - Shane Doan wins face-off versus Martin Hanzal in MapleLeafs zone.
11:28 of 2nd period - Shot by Tyler Bozak.
11:28 of 2nd period - Stopped by Ryan Miller without a rebound.
11:29 of 2nd period - Tyler Bozak wins face-off versus Antoine Vermette in MapleLeafs zone.
11:32 of 2nd period - Shot by Shane Doan.
11:32 of 2nd period - Shot Misses the Net.
11:34 of 2nd period - Shot by Olli Maatta.
11:34 of 2nd period - Shot Blocked by Antoine Vermette.
11:36 of 2nd period - Shot by Dennis Wideman.
11:36 of 2nd period - Stopped by Ryan Miller with a rebound.
12:35 of 2nd period - Shot by Brian Campbell.
12:35 of 2nd period - Shot Blocked by Andrew Alberts.
12:37 of 2nd period - Shot by Marc Methot.
12:37 of 2nd period - Shot Misses the Net.
12:39 of 2nd period - Shot by Marc Methot.
12:39 of 2nd period - Shot Misses the Net.
12:41 of 2nd period - Shot by Marc Methot.
12:41 of 2nd period - Shot Misses the Net.
14:33 of 2nd period - Jay Beagle is hit by Dennis Wideman and loses puck.
15:25 of 2nd period - Shot by Antoine Vermette.
15:25 of 2nd period - Shot Blocked by Marc Methot.
15:27 of 2nd period - Shot by Antoine Vermette.
15:27 of 2nd period - Shot Misses the Net.
15:29 of 2nd period - Shot by Antoine Vermette.
15:29 of 2nd period - Deflect By Evander Kane.
15:29 of 2nd period - Shot Blocked by Marc Methot.
15:48 of 2nd period - Off-side.
15:49 of 2nd period - Gregory Campbell wins face-off versus Tyler Bozak in neutral zone.
15:52 of 2nd period - Shot by Patrick Marleau.
15:52 of 2nd period - Deflect By Brock Nelson.
15:52 of 2nd period - Shot Blocked by Brian Campbell.
15:54 of 2nd period - Shot by Jamie Oleksiak.
15:54 of 2nd period - Stopped by Kari Lehtonen without a rebound.
15:55 of 2nd period - Patrick Marleau wins face-off versus Aleksander Barkov in Oilers zone.
16:32 of 2nd period - Nikolai Kulemin is hit by Aaron Ness and loses puck.
16:35 of 2nd period - Shot by Drew Miller.
16:35 of 2nd period - Stopped by Ryan Miller with a rebound.
16:42 of 2nd period - Icing by Andrew Alberts.
16:43 of 2nd period - Vladimir Tarasenko wins face-off versus Tyler Bozak in MapleLeafs zone.
16:47 of 2nd period - Minor Penalty to Aaron Ness for Interference.
16:48 of 2nd period - Brad Richards wins face-off versus Martin Hanzal in MapleLeafs zone.
16:53 of 2nd period - Shot by Marc Methot.
16:53 of 2nd period - Shot Misses the Net.
16:55 of 2nd period - Shot by Marc Methot.
16:55 of 2nd period - Shot Misses the Net.
16:57 of 2nd period - Shot by Mikkel Boedker.
16:57 of 2nd period - Shot Blocked by Jay Bouwmeester.
16:59 of 2nd period - Shot by Marc Methot.
16:59 of 2nd period - Stopped by Ryan Miller without a rebound.
17:00 of 2nd period - Tyler Bozak wins face-off versus Martin Hanzal in MapleLeafs zone.
17:01 of 2nd period - Shot by Mats Zuccarello.
17:01 of 2nd period - Shot Blocked by Martin Hanzal.
17:25 of 2nd period - Shot by Shane Doan.
17:25 of 2nd period - Deflect By Mats Zuccarello.
17:25 of 2nd period - Shot Misses the Net.
17:27 of 2nd period - Shot by Olli Maatta.
17:27 of 2nd period - Shot Misses the Net.
17:33 of 2nd period - Shot by Dennis Wideman.
17:33 of 2nd period - Deflect By Mats Zuccarello.
17:33 of 2nd period - Shot Blocked by Nick Leddy.
17:35 of 2nd period - Shot by Olli Maatta.
17:35 of 2nd period - Deflect By Tyler Bozak.
17:35 of 2nd period - Stopped by Ryan Miller without a rebound.
17:36 of 2nd period - Brad Richards wins face-off versus Gregory Campbell in MapleLeafs zone.
17:59 of 2nd period - Icing by Dainius Zubrus.
18:00 of 2nd period - Martin Hanzal wins face-off versus Brad Richards in Oilers zone.
18:02 of 2nd period - Evander Kane is hit by Marc Methot and loses puck.
18:11 of 2nd period - Shot by Brian Campbell.
18:11 of 2nd period - Shot Misses the Net.
18:19 of 2nd period - Shot by Mikkel Boedker.
18:19 of 2nd period - Stopped by Ryan Miller without a rebound.
18:20 of 2nd period - Tyler Bozak wins face-off versus Gregory Campbell in MapleLeafs zone.
18:59 of 2nd period - Shot by Patrick Marleau.
18:59 of 2nd period - Shot Misses the Net.
19:39 of 2nd period - Icing by Jamie Oleksiak.
19:40 of 2nd period - Tyler Bozak wins face-off versus Patrick Marleau in MapleLeafs zone.
19:44 of 2nd period - Icing by Michael Del Zotto.
19:45 of 2nd period - Tyler Bozak wins face-off versus Patrick Marleau in MapleLeafs zone.
Goals for this period are 2 for Oilers vs 1 for MapleLeafs.
Shots for this period are 16 for Oilers vs 5 for MapleLeafs.

3rd period


0:01 of 3rd period - Antoine Vermette wins face-off versus Tyler Bozak in neutral zone.
0:18 of 3rd period - Shot by Evander Kane.
0:18 of 3rd period - Shot Misses the Net.
0:24 of 3rd period - Shot by Antoine Vermette.
0:24 of 3rd period - Stopped by Kari Lehtonen without a rebound.
0:25 of 3rd period - Brad Richards wins face-off versus Patrick Marleau in Oilers zone.
1:22 of 3rd period - Dainius Zubrus is hit by Evander Kane and loses puck.
1:30 of 3rd period - Brad Richards is hit by Antoine Roussel.
1:31 of 3rd period - Off-side.
1:32 of 3rd period - Tyler Bozak wins face-off versus Martin Hanzal in neutral zone.
1:47 of 3rd period - Shot by Aaron Ness.
1:47 of 3rd period - Stopped by Kari Lehtonen without a rebound.
1:48 of 3rd period - Antoine Vermette wins face-off versus Drew Miller in Oilers zone.
1:53 of 3rd period - Shot by Antoine Vermette.
1:53 of 3rd period - Stopped by Kari Lehtonen without a rebound.
1:54 of 3rd period - Tyler Bozak wins face-off versus Antoine Vermette in Oilers zone.
2:14 of 3rd period - Tyler Bozak is hit by Jay Bouwmeester and loses puck.
2:23 of 3rd period - Shot by Evander Kane.
2:23 of 3rd period - Shot Misses the Net.
3:21 of 3rd period - Shot by Patrick Marleau.
3:21 of 3rd period - Stopped by Kari Lehtonen without a rebound.
3:22 of 3rd period - Martin Hanzal wins face-off versus Brad Richards in Oilers zone.
3:47 of 3rd period - Off-side.
3:48 of 3rd period - Brock Nelson wins face-off versus Aleksander Barkov in neutral zone.
4:11 of 3rd period - Icing by Nikolai Kulemin.
4:12 of 3rd period - Aleksander Barkov wins face-off versus Antoine Vermette in Oilers zone.
4:22 of 3rd period - Antoine Roussel is hit by Drew Miller and loses puck.
4:33 of 3rd period - Shot by Nikolai Kulemin.
4:33 of 3rd period - Stopped by Ryan Miller with a rebound.
4:35 of 3rd period - Shot by Jake Muzzin.
4:35 of 3rd period - Goal by Jake Muzzin - Oilers : 5 - MapleLeafs : 1.
4:36 of 3rd period - Brad Richards wins face-off versus Patrick Marleau in neutral zone.
6:02 of 3rd period - Shot by Mats Zuccarello.
6:02 of 3rd period - Stopped by Ryan Miller without a rebound.
6:03 of 3rd period - Aleksander Barkov wins face-off versus Martin Hanzal in MapleLeafs zone.
6:19 of 3rd period - Icing by Drew Miller.
6:20 of 3rd period - Antoine Roussel wins face-off versus Aleksander Barkov in Oilers zone.
6:22 of 3rd period - Evander Kane is hit by Kevin Bieksa and loses puck.
6:23 of 3rd period - Minor Penalty to Jake Muzzin for Cross-checking.
6:24 of 3rd period - Martin Hanzal wins face-off versus Tyler Bozak in Oilers zone.
6:25 of 3rd period - Shot by Michael Del Zotto.
6:25 of 3rd period - Stopped by Kari Lehtonen with a rebound.
6:27 of 3rd period - Shot by Martin Hanzal.
6:27 of 3rd period - Stopped by Kari Lehtonen without a rebound.
6:28 of 3rd period - Dainius Zubrus wins face-off versus Patrick Marleau in Oilers zone.
6:47 of 3rd period - Shot by Nick Leddy.
6:47 of 3rd period - Stopped by Kari Lehtonen without a rebound.
6:48 of 3rd period - Dainius Zubrus wins face-off versus Martin Hanzal in Oilers zone.
7:28 of 3rd period - Shot by Evander Kane.
7:28 of 3rd period - Shot Misses the Net.
7:30 of 3rd period - Shot by Jamie Oleksiak.
7:30 of 3rd period - Shot Blocked by Marc Methot.
7:32 of 3rd period - Shot by Jamie Oleksiak.
7:32 of 3rd period - Shot Blocked by Marc Methot.
8:18 of 3rd period - Icing by Jay Bouwmeester.
8:19 of 3rd period - Patrick Marleau wins face-off versus Dainius Zubrus in MapleLeafs zone.
8:52 of 3rd period - Shot by Kris Versteeg.
8:52 of 3rd period - Shot Blocked by Jake Muzzin.
9:47 of 3rd period - Shot by Antoine Vermette.
9:47 of 3rd period - Shot Misses the Net.
9:49 of 3rd period - Shot by Jamie Oleksiak.
9:49 of 3rd period - Stopped by Kari Lehtonen with a rebound.
9:51 of 3rd period - Shot by Antoine Vermette.
9:51 of 3rd period - Deflect By Evander Kane.
9:51 of 3rd period - Shot Blocked by Marc Methot.
9:53 of 3rd period - Shot by Evander Kane.
9:53 of 3rd period - Stopped by Kari Lehtonen without a rebound.
9:54 of 3rd period - Patrick Marleau wins face-off versus Aleksander Barkov in Oilers zone.
9:54 of 3rd period - Minor Penalty to Dennis Wideman for Hooking.
9:55 of 3rd period - Patrick Marleau wins face-off versus Dainius Zubrus in Oilers zone.
10:33 of 3rd period - Kevin Bieksa is hit by Antoine Vermette and loses puck.
10:50 of 3rd period - Shot by Evander Kane.
10:50 of 3rd period - Stopped by Kari Lehtonen with a rebound.
10:52 of 3rd period - Shot by Evander Kane.
10:52 of 3rd period - Shot Blocked by Kevin Bieksa.
10:54 of 3rd period - Shot by Milan Lucic.
10:54 of 3rd period - Goal by Milan Lucic - Oilers : 5 - MapleLeafs : 2.
10:55 of 3rd period - Tyler Bozak wins face-off versus Martin Hanzal in neutral zone.
12:04 of 3rd period - Shot by Nikolai Kulemin.
12:04 of 3rd period - Shot Misses the Net.
12:06 of 3rd period - Shot by Drew Miller.
12:06 of 3rd period - Stopped by Ryan Miller with a rebound.
12:08 of 3rd period - Shot by Nikolai Kulemin.
12:08 of 3rd period - Shot Blocked by Jamie Oleksiak.
12:10 of 3rd period - Shot by Nikolai Kulemin.
12:10 of 3rd period - Deflect By Drew Miller.
12:10 of 3rd period - Shot Misses the Net.
12:12 of 3rd period - Shot by Drew Miller.
12:12 of 3rd period - Stopped by Ryan Miller without a rebound.
12:13 of 3rd period - Brad Richards wins face-off versus Antoine Vermette in MapleLeafs zone.
12:40 of 3rd period - Shot by Evander Kane.
12:40 of 3rd period - Shot Misses the Net.
12:42 of 3rd period - Shot by Nick Leddy.
12:42 of 3rd period - Stopped by Kari Lehtonen without a rebound.
12:43 of 3rd period - Drew Miller wins face-off versus Patrick Marleau in Oilers zone.
13:36 of 3rd period - Shot by Mikkel Boedker.
13:36 of 3rd period - Deflect By Brad Richards.
13:36 of 3rd period - Stopped by Ryan Miller with a rebound.
13:43 of 3rd period - Off-side.
13:44 of 3rd period - Tyler Bozak wins face-off versus Antoine Vermette in neutral zone.
14:15 of 3rd period - Shot by Evander Kane.
14:15 of 3rd period - Deflect By Antoine Vermette.
14:15 of 3rd period - Shot Misses the Net.
14:17 of 3rd period - Shot by Nick Leddy.
14:17 of 3rd period - Stopped by Kari Lehtonen without a rebound.
14:18 of 3rd period - Dainius Zubrus wins face-off versus Martin Hanzal in Oilers zone.
14:18 of 3rd period - Dainius Zubrus is hit by Martin Hanzal.
14:34 of 3rd period - Shot by Mikkel Boedker.
14:34 of 3rd period - Stopped by Ryan Miller with a rebound.
14:56 of 3rd period - Off-side.
14:57 of 3rd period - Tyler Bozak wins face-off versus Antoine Vermette in neutral zone.
15:10 of 3rd period - Shot by Antoine Vermette.
15:10 of 3rd period - Shot Hit the Post.
15:15 of 3rd period - Antoine Vermette is hit by Dennis Wideman and loses puck.
15:28 of 3rd period - Shane Doan is hit by Antoine Roussel and loses puck.
15:30 of 3rd period - Minor Penalty to Olli Maatta for Roughing.
15:31 of 3rd period - Patrick Marleau wins face-off versus Dainius Zubrus in Oilers zone.
15:32 of 3rd period - Shot by Jamie Oleksiak.
15:32 of 3rd period - Shot Blocked by Brian Campbell.
15:34 of 3rd period - Shot by Antoine Vermette.
15:34 of 3rd period - Goal by Antoine Vermette - Oilers : 5 - MapleLeafs : 3.
15:35 of 3rd period - Brad Richards wins face-off versus Patrick Marleau in neutral zone.
15:44 of 3rd period - Shot by Brad Richards.
15:44 of 3rd period - Stopped by Ryan Miller without a rebound.
15:45 of 3rd period - Gregory Campbell wins face-off versus Tyler Bozak in MapleLeafs zone.
15:45 of 3rd period - Gregory Campbell is hit by Shane Doan.
17:35 of 3rd period - Icing by Kris Versteeg.
17:36 of 3rd period - Martin Hanzal wins face-off versus Nikolai Kulemin in MapleLeafs zone.
17:42 of 3rd period - Off-side.
17:43 of 3rd period - Patrick Marleau wins face-off versus Aleksander Barkov in neutral zone.
18:12 of 3rd period - Shot by Patrick Marleau.
18:12 of 3rd period - Stopped by Kari Lehtonen with a rebound.
18:23 of 3rd period - Nick Leddy is hit by Drew Miller and loses puck.
19:07 of 3rd period - Shot by Mats Zuccarello.
19:07 of 3rd period - Deflect By Shane Doan.
19:07 of 3rd period - Shot Misses the Net.
19:09 of 3rd period - Shot by Brian Campbell.
19:09 of 3rd period - Stopped by Ryan Miller without a rebound.
19:10 of 3rd period - Antoine Vermette wins face-off versus Brad Richards in MapleLeafs zone.
19:24 of 3rd period - Dennis Wideman is hit by Evander Kane.
19:27 of 3rd period - Brad Richards is hit by Jamie Oleksiak and loses puck.
Goals for this period are 1 for Oilers vs 2 for MapleLeafs.
Shots for this period are 9 for Oilers vs 15 for MapleLeafs.


Output by the SimonT Hockey Simulator (STHS) for Stephane Roy -- Original Page W3C XHTML 1.0 Valid
Hockey Simulator - Hockey Simulation - Hockey Manager